TOP OF THE 1ST |
Miami Marlins batting - Pitching for San Diego Padres : RHP Toby Williams
|
Pitching: RHP Toby Williams
|
|
Batting: RHB Jeff Garofalo
|
0-0: Ball 1-0: Swinging Strike 1-1: Foul Ball, location: 2F 1-2: Ball 2-2: Foul Ball, location: 2F 2-2: Ball 3-2: Fly out, F5 (Popup, 5, EV 61.9 MPH)
|
Batting: RHB Justin Huff
|
0-0: Ball 1-0: Foul Ball, location: 2F 1-1: Ball 2-1: Foul Ball, location: 2F 2-2: Ball 3-2: Foul Ball, location: 2F 3-2: DOUBLE (Line Drive, 8RXD, EV 105.0 MPH)
|
Batting: LHB Andre Gorter
|
0-0: Ball 1-0: Ball 2-0: Called Strike 2-1: Foul Ball, location: 2F 2-2: Foul Ball, location: 2F 2-2: Foul Ball, location: 2F 2-2: SINGLE (Line Drive, 78M, EV 85.6 MPH) Justin Huff to third Runner from 3rd tries for Home, SAFE, throw by LF to home
|
Batting: RHB Micah Christopher
|
0-0: Ball 1-0: Ball 2-0: Fly out, F6 (Line Drive, 6, EV 67.5 MPH)
|
Batting: RHB Seth Tramontano
|
0-0: Ball 1-0: Ball 2-0: Called Strike Andre Gorter steals 2nd base 2-1: Foul Ball, location: 2F 2-2: SINGLE (Groundball, 4M, EV 101.2 MPH) (infield hit) Andre Gorter to third
|
Batting: RHB Josh Crenwelge
|
0-0: Fly out, F9 (Flyball, 9LM, EV 91.2 MPH)
|
Top of the 1st over - 1 run, 3 hits, 0 errors, 2 left on base; Miami 1 - San Diego 0 |
BOTTOM OF THE 1ST |
San Diego Padres batting - Pitching for Miami Marlins : LHP Dan Tapley
|
Pitching: LHP Dan Tapley
|
|
Batting: LHB Per Meulengracht
|
0-0: Called Strike 0-1: SINGLE (Line Drive, 89M, EV 92.5 MPH)
|
Batting: RHB Bobby Ayala
|
0-0: Ball 1-0: Fly out, F4 (Popup, 4MD, EV 62.5 MPH)
|
Batting: RHB Cesar Breceda
|
0-0: Ball Per Meulengracht steals 2nd base (no throw) 1-0: Foul Ball, location: 2F 1-1: Called Strike 1-2: Ball 2-2: SINGLE (Groundball, 6MD, EV 96.9 MPH) Per Meulengracht to third
|
Batting: SHB Jerry Luckwell
|
0-0: Called Strike 0-1: Ball 1-1: Ball 2-1: Ball 3-1: Base on Balls Cesar Breceda to second
|
Batting: LHB Mike Holt
|
0-0: Called Strike 0-1: DOUBLE (Flyball, 8RXD, EV 90.6 MPH) Per Meulengracht scores Cesar Breceda scores Jerry Luckwell to third
|
Batting: RHB Chiel Palstermans
|
0-0: Called Strike 0-1: Foul Ball, location: 2F 0-2: Ball 1-2: Strikes out swinging
|
Batting: RHB Alberto Cotto
|
0-0: Ball 1-0: Swinging Strike 1-1: Ground out 4-3 (Groundball, 4, EV 80.0 MPH)
|
Bottom of the 1st over - 2 runs, 3 hits, 0 errors, 2 left on base; Miami 1 - San Diego 2 |
TOP OF THE 2ND |
Miami Marlins batting - Pitching for San Diego Padres : RHP Toby Williams
|
Batting: RHB Tommy Hughes
|
0-0: Foul Ball, location: 2F 0-1: Foul Ball, location: 2F 0-2: Foul Ball, location: 2F 0-2: Ball 1-2: Ground out U3 (Groundball, 34, EV 80.0 MPH)
|
Batting: LHB Juan Solorzano
|
0-0: Ball 1-0: Ground out 4-3 (Groundball, 34D, EV 86.9 MPH)
|
Batting: RHB Eric Jordan
|
0-0: Ball 1-0: SINGLE (Line Drive, 7S, EV 104.4 MPH)
|
Batting: RHB Jeff Garofalo
|
0-0: Ball 1-0: Ball 2-0: Ball 3-0: Called Strike 3-1: Base on Balls Eric Jordan to second
|
Batting: RHB Justin Huff
|
0-0: Fly out, F8 (Flyball, 8LS, EV 91.2 MPH)
|
Top of the 2nd over - 0 runs, 1 hit, 0 errors, 2 left on base; Miami 1 - San Diego 2 |
BOTTOM OF THE 2ND |
San Diego Padres batting - Pitching for Miami Marlins : LHP Dan Tapley
|
Batting: RHB Carlos Reyes
|
0-0: Ball 1-0: SINGLE (Line Drive, 6MD, EV 95.0 MPH)
|
Batting: RHB Alois Wollf
|
0-0: Ball 1-0: Ball 2-0: Called Strike 2-1: Grounds into double play, 6-4-3 (Groundball, 6, EV 81.9 MPH)
|
Batting: LHB Per Meulengracht
|
0-0: Swinging Strike 0-1: Ground out 6-3 (Groundball, 6, EV 80.0 MPH)
|
Bottom of the 2nd over - 0 runs, 1 hit, 0 errors, 0 left on base; Miami 1 - San Diego 2 |
TOP OF THE 3RD |
Miami Marlins batting - Pitching for San Diego Padres : RHP Toby Williams
|
Batting: LHB Andre Gorter
|
0-0: Foul Ball, location: 2F 0-1: Foul Ball, location: 2F 0-2: Strikes out swinging, 2-3 out at first.
|
Batting: RHB Micah Christopher
|
0-0: SOLO HOME RUN (Flyball, 89XD, EV 108.1 MPH), Distance : 409 ft
|
Batting: RHB Seth Tramontano
|
0-0: Swinging Strike 0-1: Foul Ball, location: 2F 0-2: Foul Ball, location: 2F 0-2: Ball 1-2: Strikes out looking
|
Batting: RHB Josh Crenwelge
|
0-0: Called Strike 0-1: Ball 1-1: SINGLE (Flyball, 89S, EV 88.1 MPH)
|
Batting: RHB Tommy Hughes
|
0-0: Called Strike 0-1: Foul Ball, location: 2F 0-2: Fly out, F5 (Line Drive, 5, EV 69.4 MPH)
|
Top of the 3rd over - 1 run, 2 hits, 0 errors, 1 left on base; Miami 2 - San Diego 2 |
BOTTOM OF THE 3RD |
San Diego Padres batting - Pitching for Miami Marlins : LHP Dan Tapley
|
Batting: RHB Bobby Ayala
|
0-0: Ball 1-0: Ball 2-0: Ball 3-0: Base on Balls
|
Batting: RHB Cesar Breceda
|
0-0: Called Strike 0-1: Grounds into double play, 1-4-3 (Groundball, 15S, EV 65.6 MPH)
|
Batting: SHB Jerry Luckwell
|
0-0: Called Strike 0-1: Foul Ball, location: 2F 0-2: Ball 1-2: SINGLE (Line Drive, 89S, EV 104.4 MPH)
|
Batting: LHB Mike Holt
|
0-0: Called Strike Jerry Luckwell steals 2nd base 0-1: Swinging Strike 0-2: Ball 1-2: 2-RUN HOME RUN (Flyball, 9LD, EV 94.4 MPH), Distance : 370 ft
|
Batting: RHB Chiel Palstermans
|
0-0: Ball 1-0: Ball 2-0: Ball 3-0: Called Strike 3-1: Swinging Strike 3-2: Foul Ball, location: 2F 3-2: SINGLE (Groundball, 56D, EV 95.6 MPH)
|
Batting: RHB Alberto Cotto
|
0-0: Ball 1-0: Fly out, F4 (Popup, 4D, EV 62.5 MPH)
|
Bottom of the 3rd over - 2 runs, 3 hits, 0 errors, 1 left on base; Miami 2 - San Diego 4 |
TOP OF THE 4TH |
Miami Marlins batting - Pitching for San Diego Padres : RHP Toby Williams
|
Batting: LHB Juan Solorzano
|
0-0: Ball 1-0: Ground out 4-3 (Groundball, 34D, EV 85.6 MPH)
|
Batting: RHB Eric Jordan
|
0-0: Ball 1-0: Ball 2-0: Foul Ball, location: 2F 2-1: Ball 3-1: Swinging Strike 3-2: Strikes out looking
|
Batting: RHB Jeff Garofalo
|
0-0: Swinging Strike 0-1: Foul Ball, location: 2F 0-2: Foul Ball, location: 2F 0-2: Ball 1-2: Foul Ball, location: 2F 1-2: Fly out, F9 (Line Drive, 9, EV 93.1 MPH)
|
Top of the 4th over - 0 runs, 0 hits, 0 errors, 0 left on base; Miami 2 - San Diego 4 |
BOTTOM OF THE 4TH |
San Diego Padres batting - Pitching for Miami Marlins : LHP Dan Tapley
|
Batting: RHB Carlos Reyes
|
0-0: Ball 1-0: Ball 2-0: Called Strike 2-1: Called Strike 2-2: Ball 3-2: Base on Balls
|
Batting: RHB Alois Wollf
|
0-0: Ball 1-0: Ball 2-0: Reached on error, E3 (Groundball, 34S, EV 81.2 MPH) Carlos Reyes to second
|
Batting: LHB Per Meulengracht
|
0-0: Ball 1-0: Ball 2-0: Swinging Strike 2-1: Ball 3-1: SINGLE (Line Drive, 9LM, EV 86.2 MPH) Carlos Reyes to third Alois Wollf to second
|
Batting: RHB Bobby Ayala
|
0-0: Foul Ball, location: 2F 0-1: Swinging Strike 0-2: Strikes out swinging
|
Batting: RHB Cesar Breceda
|
0-0: Swinging Strike 0-1: Fly out, F9 (Flyball, 89M, EV 89.4 MPH) Runner from 3rd tags up, SCORES, throw by RF Alois Wollf to third
|
Pitching: RHP Julio Espinel
|
|
Batting: SHB Jerry Luckwell
|
0-0: Ball 1-0: Ball 2-0: Ball 3-0: Called Strike 3-1: SINGLE (Groundball, 34D, EV 96.2 MPH) Alois Wollf scores Per Meulengracht to second
|
Batting: LHB Mike Holt
|
0-0: Called Strike 0-1: Ball 1-1: Ball 2-1: Ball 3-1: Base on Balls Per Meulengracht to third Jerry Luckwell to second
|
Batting: RHB Chiel Palstermans
|
0-0: Ball 1-0: Foul Ball, location: 2F 1-1: Ball 2-1: Foul Ball, location: 2F 2-2: Ball 3-2: Foul Ball, location: 2F 3-2: DOUBLE (Flyball, 78D, EV 100.6 MPH) Per Meulengracht scores Jerry Luckwell scores Mike Holt to third Mike Holt scores
|
Batting: RHB Alberto Cotto
|
0-0: Ball 1-0: Foul Ball, location: 2F 1-1: SINGLE (Groundball, 6MD, EV 104.4 MPH) Chiel Palstermans to third Runner from 3rd tries for Home, SAFE, throw by CF to home
|
Batting: RHB Carlos Reyes
|
0-0: Ball 1-0: Fly out, F8 (Flyball, 8RM, EV 80.6 MPH)
|
Bottom of the 4th over - 6 runs, 4 hits, 1 error, 1 left on base; Miami 2 - San Diego 10 |
TOP OF THE 5TH |
Miami Marlins batting - Pitching for San Diego Padres : RHP Toby Williams
|
Batting: RHB Justin Huff
|
0-0: Ball 1-0: Swinging Strike 1-1: Foul Ball, location: 2F 1-2: Fly out, F7 (Flyball, 78D, EV 92.5 MPH)
|
Batting: LHB Andre Gorter
|
0-0: Fly out, F8 (Flyball, 8RS, EV 92.5 MPH)
|
Batting: RHB Micah Christopher
|
0-0: Ball 1-0: Called Strike 1-1: Foul Ball, location: 2F 1-2: Foul Ball, location: 2F 1-2: Strikes out swinging
|
Top of the 5th over - 0 runs, 0 hits, 0 errors, 0 left on base; Miami 2 - San Diego 10 |
BOTTOM OF THE 5TH |
San Diego Padres batting - Pitching for Miami Marlins : RHP Julio Espinel
|
Batting: RHB Alois Wollf
|
0-0: Ball 1-0: Ball 2-0: Ball 3-0: Base on Balls
|
Batting: LHB Per Meulengracht
|
0-0: Ball 1-0: Called Strike 1-1: Swinging Strike 1-2: Foul Ball, location: 2F 1-2: Ball 2-2: Ball 3-2: Strikes out swinging Alois Wollf steals 2nd base Batter strikes out.
|
Batting: RHB Bobby Ayala
|
0-0: Called Strike 0-1: Foul Ball, location: 2F 0-2: Ball 1-2: Foul Ball, location: 2F 1-2: Ball 2-2: Ball 3-2: Base on Balls
|
Batting: RHB Cesar Breceda
|
0-0: Called Strike 0-1: Ball 1-1: Swinging Strike 1-2: Ball 2-2: Foul Ball, location: 2F 2-2: Foul Ball, location: 2F 2-2: Foul Ball, location: 2F 2-2: Foul Ball, location: 2F 2-2: Ball 3-2: Base on Balls Alois Wollf to third Bobby Ayala to second
|
Pitching: LHP Jordan Hernandez
|
|
Batting: SHB Jerry Luckwell
|
0-0: Swinging Strike 0-1: Swinging Strike 0-2: Foul Ball, location: 2F 0-2: Ball 1-2: Ball 2-2: Ball 3-2: Grounds into double play, 4-6-3 (Groundball, 4, EV 81.2 MPH)
|
Bottom of the 5th over - 0 runs, 0 hits, 0 errors, 2 left on base; Miami 2 - San Diego 10 |
TOP OF THE 6TH |
Miami Marlins batting - Pitching for San Diego Padres : RHP Toby Williams
|
Batting: RHB Seth Tramontano
|
0-0: Ball 1-0: Ball 2-0: Ball 3-0: Called Strike 3-1: Foul Ball, location: 2F 3-2: Strikes out looking
|
Batting: RHB Josh Crenwelge
|
0-0: Called Strike 0-1: Ground out 6-3 (Groundball, 56, EV 79.4 MPH)
|
Batting: RHB Tommy Hughes
|
0-0: Called Strike 0-1: Foul Ball, location: 2F 0-2: Ball 1-2: Ball 2-2: Ground out 6-3 (Groundball, 6, EV 102.5 MPH)
|
Top of the 6th over - 0 runs, 0 hits, 0 errors, 0 left on base; Miami 2 - San Diego 10 |
BOTTOM OF THE 6TH |
San Diego Padres batting - Pitching for Miami Marlins : LHP Jordan Hernandez
|
Batting: LHB Mike Holt
|
0-0: Called Strike 0-1: Ball 1-1: Called Strike 1-2: Ball 2-2: Ball 3-2: Foul Ball, location: 2F 3-2: Strikes out swinging
|
Batting: RHB Chiel Palstermans
|
0-0: Ball 1-0: Foul Ball, location: 2F 1-1: Foul Ball, location: 2F 1-2: Fly out, F9 (Line Drive, 9, EV 92.5 MPH)
|
Batting: RHB Alberto Cotto
|
0-0: Ball 1-0: Ball 2-0: Ball 3-0: Called Strike 3-1: Fly out, F9 (Line Drive, 9, EV 93.8 MPH)
|
Bottom of the 6th over - 0 runs, 0 hits, 0 errors, 0 left on base; Miami 2 - San Diego 10 |
TOP OF THE 7TH |
Miami Marlins batting - Pitching for San Diego Padres : RHP Toby Williams
|
Batting: LHB Juan Solorzano
|
0-0: Called Strike 0-1: Ball 1-1: Called Strike 1-2: Strikes out swinging
|
Batting: RHB Eric Jordan
|
0-0: Called Strike 0-1: Ground out 6-3 (Groundball, 6S, EV 68.1 MPH)
|
Batting: RHB Jeff Garofalo
|
0-0: Foul Ball, location: 2F 0-1: Ground out 4-3 (Groundball, 4, EV 83.1 MPH)
|
Top of the 7th over - 0 runs, 0 hits, 0 errors, 0 left on base; Miami 2 - San Diego 10 |
BOTTOM OF THE 7TH |
San Diego Padres batting - Pitching for Miami Marlins : LHP Jordan Hernandez
|
Batting: RHB Carlos Reyes
|
0-0: Ball 1-0: Called Strike 1-1: Ball 2-1: DOUBLE (Groundball, 5L, EV 109.4 MPH)
|
Pitching: RHP Jose Ramirez
|
|
Batting: RHB Alois Wollf
|
0-0: Swinging Strike 0-1: Swinging Strike 0-2: Ball 1-2: Ball 2-2: Ball 3-2: Base on Balls
|
Batting: LHB Per Meulengracht
|
0-0: Called Strike 0-1: Foul Ball, location: 2F 0-2: Foul Ball, location: 2F 0-2: Ball 1-2: Ball 2-2: Ball 3-2: Foul Ball, location: 2F 3-2: Foul Ball, location: 2F 3-2: Fly out, F8 (Flyball, 8LM, EV 77.5 MPH)
|
Batting: RHB Bobby Ayala
|
0-0: Ball 1-0: Ball 2-0: Foul Ball, location: 2F 2-1: Swinging Strike 2-2: Ball 3-2: SINGLE (Groundball, 6S, EV 94.4 MPH) Carlos Reyes to third Alois Wollf to second Runner from 3rd tries for Home, SAFE, throw by LF to home
|
Pitching: RHP Ian Newman
|
|
Batting: RHB Cesar Breceda
|
0-0: Ball 1-0: Ball 2-0: Foul Ball, location: 2F 2-1: SINGLE (Flyball, 8LS, EV 92.5 MPH) Alois Wollf to third Bobby Ayala to second Runner from 3rd tries for Home, SAFE, throw by CF to home
|
Batting: SHB Jerry Luckwell
|
0-0: Reached on error, E1 (Groundball, 13S, EV 77.5 MPH) Bobby Ayala to third Cesar Breceda to second
|
Batting: LHB Mike Holt
|
0-0: Ball 1-0: Ball 2-0: Ball 3-0: Base on Balls Bobby Ayala scores Cesar Breceda to third Jerry Luckwell to second
|
Batting: RHB Chiel Palstermans
|
0-0: Called Strike 0-1: Foul Ball, location: 2F 0-2: Fielders Choice at 2nd, 6-4 (Groundball, 6, EV 79.4 MPH) Cesar Breceda scores Jerry Luckwell to third
|
Batting: RHB Alberto Cotto
|
0-0: Foul Ball, location: 2F 0-1: Foul Ball, location: 2F 0-2: Ball 1-2: Ball 2-2: Strikes out looking
|
Bottom of the 7th over - 4 runs, 3 hits, 1 error, 2 left on base; Miami 2 - San Diego 14 |
TOP OF THE 8TH |
Miami Marlins batting - Pitching for San Diego Padres : RHP Toby Williams
|
Pitching: LHP Ricardo Chavez
|
|
Batting: RHB Justin Huff
|
0-0: Called Strike 0-1: Ball 1-1: Fly out, F3 (Line Drive, 3, EV 69.4 MPH)
|
Batting: LHB Andre Gorter
|
0-0: Swinging Strike 0-1: Foul Ball, location: 2F 0-2: Strikes out swinging
|
Batting: RHB Micah Christopher
|
0-0: Called Strike 0-1: Swinging Strike 0-2: Strikes out swinging
|
Top of the 8th over - 0 runs, 0 hits, 0 errors, 0 left on base; Miami 2 - San Diego 14 |
BOTTOM OF THE 8TH |
San Diego Padres batting - Pitching for Miami Marlins : RHP Ian Newman
|
Batting: RHB Carlos Reyes
|
0-0: Ground out 4-3 (Groundball, 4, EV 78.8 MPH)
|
Batting: RHB Alois Wollf
|
0-0: Ground out 5-3 (Groundball, 5, EV 102.5 MPH)
|
Batting: LHB Per Meulengracht
|
0-0: Swinging Strike 0-1: DOUBLE (Line Drive, 89D, EV 107.5 MPH)
|
Batting: RHB Bobby Ayala
|
0-0: Ground out 5-3 (Groundball, 56, EV 106.2 MPH)
|
Bottom of the 8th over - 0 runs, 1 hit, 0 errors, 1 left on base; Miami 2 - San Diego 14 |
TOP OF THE 9TH |
Miami Marlins batting - Pitching for San Diego Padres : LHP Ricardo Chavez
|
Batting: RHB Seth Tramontano
|
0-0: Ball 1-0: Fly out, F8 (Flyball, 89XD, EV 95.0 MPH)
|
Batting: RHB Josh Crenwelge
|
0-0: Fly out, F9 (Flyball, 9S, EV 85.0 MPH)
|
Batting: RHB Tommy Hughes
|
0-0: Ball 1-0: Ball 2-0: Swinging Strike 2-1: Foul Ball, location: 2F 2-2: Fly out, F8 (Line Drive, 8RD, EV 93.8 MPH)
|
Top of the 9th over - 0 runs, 0 hits, 0 errors, 0 left on base; Miami 2 - San Diego 14 |
|